 Dungeon Crawl Stone Soup version 0.18-a0-2-g0e512fa (webtiles) character file.

103 Arkorax the Shooter (level 4, -3/38 HPs)
             Began as a Centaur Hunter on Oct 31, 2015.
             Slain by Arkorax's ghost (10 damage)
             ... on level 3 of the Dungeon.
             The game lasted 00:07:09 (3009 turns).

Arkorax the Shooter (Centaur Hunter)                Turns: 3009, Time: 00:07:09

Health: -3/38      AC:  7    Str: 15    XL:     4   Next: 51%
Magic:  4/4        EV:  7    Int: 10    God:
Gold:   97         SH:  0    Dex: 10    Spells: 0 memorised, 3 levels left

rFire  . . .     SeeInvis +     t - +0 quarterstaff
rCold  . . .     Clarity  .     E - +0 scale mail
rNeg   . . .     SustAt   .     (no shield)
rPois  .         Gourm    .     o - +1 hat
rElec  .         Spirit   .     (no cloak)
rCorr  +         Warding  .     (no gloves)
rMut   .         Stasis   .     (no barding)
MR     .....                    H - amulet of resist corrosion
Stlth  ..........               D - ring of see invisible
                                G - ring of flight

@: very quick, not resistant to hostile enchantments, extremely unstealthy
A: hooves 3, deformed body, speed 2, tough skin 3
a: Evoke Flight


You were on level 3 of the Dungeon.
You were very hungry.

You visited 1 branch of the dungeon, and saw 3 of its levels.

You collected 97 gold pieces.

Inventory:

Hand Weapons
 a - a +1 shortbow
 c - a +0 short sword
 t - a +0 quarterstaff (weapon)
Missiles
 b - 46 arrows
 v - 21 arrows of flame
 x - 19 poisoned arrows
Armour
 d - a +0 leather armour
 o - a +1 hat (worn)
 E - a +0 scale mail (worn)
Jewellery
 p - a -3 ring of protection
 s - an uncursed ring of wizardry
 w - an uncursed ring of fire
 D - a ring of see invisible (right hand)
 G - a ring of flight (left hand)
 H - an amulet of resist corrosion (around neck)
Scrolls
 f - 3 scrolls of remove curse
 h - a scroll of blinking
 i - 4 scrolls of identify
 j - 2 scrolls of random uselessness {unknown}
 l - 2 scrolls of teleportation
 m - a scroll of enchant weapon {unknown}
 u - 2 scrolls of enchant armour {unknown}
 y - a scroll of recharging {unknown}
 z - a scroll of noise {unknown}
 A - a scroll of amnesia {unknown}
 F - a scroll of magic mapping {unknown}
Potions
 g - a potion of brilliance {unknown}
 k - 2 potions of degeneration {unknown}
 n - a potion of flight {unknown}
 r - a potion of cure mutation {unknown}
 B - 2 potions of might {unknown}
Books
 C - a book of the Warp

   Spells                             Type                      Level
   a - Recall                         Summoning/Translocation      3
   b - Gell's Gravitas                Hexes/Translocation          3
   c - Force Lance                    Conjuration/Translocation    4
   d - Phase Shift                    Translocation                5
   e - Warp Weapon                    Charms/Translocation         5
   f - Summon Forest                  Summoning/Translocation      5
 I - an Akashic Record

   Spells                             Type                      Level
   a - Dispersal                      Translocation                6
   b - Malign Gateway                 Summoning/Translocation      7
   c - Disjunction                    Translocation                8
   d - Controlled Blink               Translocation                8
Comestibles
 e - 3 bread rations
 q - a meat ration


   Skills:
 * Level 3.1 Fighting
 * Level 2.1 Staves
 - Level 6.2 Bows
 - Level 1.3 Dodging
 - Level 0.5 Stealth


You had 3 spell levels left.
You didn't know any spells.

Dungeon Overview and Level Annotations

Branches:
Dungeon (3/15)

Altars:
Elyvilon
Kikubaaqudgha
Nemelex Xobeh

Annotations:
D:3 Arkorax's ghost, amateur GrFi


Innate Abilities, Weirdness & Mutations

You have hooves in place of feet.
Armour fits poorly on your strangely shaped body.
You cover ground very quickly.
You have extremely tough skin (AC +3).


Message History

Unknown command.
Unknown command.
There is a stone staircase leading up here.
You climb upwards.
There is a stone staircase leading down here.
You start resting.
You are feeling hungry.
You start resting.
You are feeling very hungry.
You climb downwards.
Level annotation: Arkorax's ghost, amateur GrFi Arkorax's ghost hits you!
There is a stone staircase leading up, spattered with blood here.
Arkorax's ghost hits you.
Arkorax's ghost hits you but does no damage.
Arkorax's ghost screams, "Don't try to defend!
You have no chance!"
Arkorax's ghost hits you!
* * * LOW HITPOINT WARNING * * *
Arkorax's ghost hits you!
You die...

##........# #### ##.....###.#
#... ##....### #.# #... ##...###
#.### #..# ###...## #...# #..#
##....## #..<# ##..# .....##
#...# #...# ....## #)W.# ####
##...# ..### #.@.####..####....#
### #.._#.......).....#
###############.....##.####.##..#
............................###..
........##.####......######## ###
....(...##>## ##....######## #
............## #...........#
.......###...###..#.###...##
.......#≈≈...≈≈#....###÷###


You could see Arkorax's ghost.

Vanquished Creatures
  A worker ant (D:3)
  An adder (D:1)
  An ooze (D:1)
  A worm (D:2)
  An orc (D:3)
  3 ball pythons
  4 goblins
  13 hobgoblins
  8 bats
  7 giant cockroaches
  2 giant geckos
  4 giant newts
  7 kobolds
  7 rats
60 creatures vanquished.

Notes
Turn   | Place    | Note
--------------------------------------------------------------
     0 | D:1      | Arkorax the Centaur Hunter began the quest for the Orb.
     0 | D:1      | Reached XP level 1. HP: 17/17 MP: 1/1
   307 | D:1      | Reached XP level 2. HP: 19/24 MP: 2/2
   358 | D:1      | Reached skill level 6 in Bows
  1026 | D:2      | Reached XP level 3. HP: 13/29 MP: 3/3
  1454 | D:1      | Reached skill level 1 in Staves
  1910 | D:3      | Found a sparkling altar of Nemelex Xobeh.
  2006 | D:3      | Found a white marble altar of Elyvilon.
  2024 | D:3      | Reached XP level 4. HP: 18/38 MP: 4/4
  2517 | D:3      | Noticed Arkorax's ghost (amateur GrFi)
  2563 | D:3      | Found an ancient bone altar of Kikubaaqudgha.
  3009 | D:3      | Slain by Arkorax's ghost

Vault maps used:
D:1:      sevenhm_arrival_forest_fort_small_3, serial_forest,
          infiniplex_forest_lined_ring, infiniplex_forest_clump_tiny,
          infiniplex_forest_diagonal, infiniplex_forest_clump_double,
          infiniplex_forest_lined_2, infiniplex_forest_end_2,
          infiniplex_forest_lined_2, infiniplex_forest_corner_1,
          infiniplex_forest_corner_2, st_stairs_7
D:2:      first_bread
D:3:      lemuel_zombie_altar_yredelemnul, nicolae_overflow_hidden_temple,
          elyvilon_altar_4, overflow_temple_1_default, kiku_gazebo_pond_becter,
          serial_curves, eino_curves_01, eino_curves_01

Action                   |  1- 3 |  4- 6 || total
-------------------------+-------+-------++-------
Melee: Short sword       |    47 |       ||    47
       Quarterstaff      |   110 |    48 ||   158
  Use: Scroll            |       |     4 ||     4
  Eat: Bread ration      |     1 |       ||     1
